 Dungeon Sprint DCSS version 0.30-a0-341-g682706514a (webtiles) character file.

Game seed: 16644571940388834319

3400000 p00ps00p the Conqueror (level 21, -27/224 HPs)
             Began as a Hill Orc Monk on Nov 4, 2022.
             Was the Champion of Makhleb.
             Annihilated by The Servant
             ... wielding a +9 glaive of flaming
              (86 damage)
             ... in the Dungeon (Sprint VIII: "Arena of Blood").
             The game lasted 00:03:12 (34 turns).

p00ps00p the Conqueror (Hill Orc Monk)                Turns: 34, Time: 00:03:13

Health: -27/224    AC:  3    Str: 25    XL:     21   Next: 19%
Magic:  20/33      EV: 25    Int: 10    God:    Makhleb [******]
Gold:   0          SH:  0    Dex: 13    Spells: 37/37 levels left

rFire   . . .      SeeInvis .    i - +∞ Axe of Woe
rCold   . . .      Faith    .    (shield currently unavailable)
rNeg    . . .      Spirit   .    a - +0 robe
rPois   .          Reflect  .    (no helmet)
rElec   .          Harm     .    (no cloak)
rCorr   .          Rampage  .    (no gloves)
Will    +....      NoTele   +    (no boots)
Stlth   +++++++++.               (no amulet)
HPRegen 0.57/turn                g - +30 ring of slaying
MPRegen 0.23/turn                (no ring)

@: on berserk cooldown, slowed, very slow
A: no striking features
a: Renounce Religion, Minor Destruction, Lesser Servant of Makhleb, Major
Destruction, Greater Servant of Makhleb


You were in the Dungeon.
You worshipped Makhleb.
Makhleb was exalted by your worship.
You visited 1 branch

Inventory:

Hand Weapons
 i - the +∞ Axe of Woe (weapon)
   (You found it in the Dungeon)
 j - a +9 battleaxe
 k - a +9 battleaxe
 l - a +9 battleaxe
 m - a +9 war axe
 n - a +9 war axe
Armour
 a - a +0 robe (worn)
Jewellery
 g - a +30 ring of slaying (left hand)
 o - a +30 ring of slaying
 p - a +30 ring of slaying
 q - a +30 ring of slaying
Scrolls
 h - a scroll of blinking
Potions
 b - a potion of ambrosia
 c - a potion of curing
 d - a potion of heal wounds
 e - a potion of haste
 f - 2 potions of magic


   Skills:
 O Level 27 Fighting
 + Level 11.0(12.9) Short Blades
 + Level 12.0(14.0) Long Blades
 O Level 27 Axes
 + Level 12.0(20.2) Maces & Flails
 + Level 12.0(20.2) Polearms
 + Level 10.1(13.4) Staves
 + Level 10.1 Ranged Weapons
 + Level 10.1 Throwing
 + Level 12.0 Armour
 O Level 27 Dodging
 O Level 27 Stealth
 + Level 12.0 Shields
 O Level 27 Unarmed Combat
 + Level 8.5 Spellcasting
 + Level 11.0 Conjurations
 + Level 12.2 Hexes
 + Level 11.0 Summonings
 + Level 11.0 Necromancy
 + Level 9.3 Translocations
 + Level 8.5 Transmutations
 + Level 13.3 Fire Magic
 + Level 11.3 Ice Magic
 + Level 10.3 Air Magic
 + Level 12.2 Earth Magic
 + Level 11.3 Poison Magic
 + Level 15.6 Invocations
 + Level 12.2 Evocations


You had 37 spell levels left.
You didn't know any spells.
Your spell library was empty.

Dungeon Overview and Level Annotations

Branches:
Dungeon (1/1)

Altars:
Makhleb

Annotations:
D The Servant


Message History

Your base Short Blades skill increases to level 11!
Your base Long Blades skill increases to level 12!
Your base Maces & Flails skill increases to level 12!
Your base Polearms skill increases to level 12!
Your base Staves skill increases to level 10!
Your Ranged Weapons skill increases to level 10!
Your Throwing skill increases to level 10!
Your Armour skill increases to level 12!
Your Shields skill increases to level 12!
Your Conjurations skill increases to level 11!
Your Hexes skill increases to level 12!
Your Summonings skill increases to level 11!
Your Necromancy skill increases to level 11!
Your Translocations skill increases to level 9!
Your Fire Magic skill increases to level 13!
Your Ice Magic skill increases to level 11!
Your Air Magic skill increases to level 10!
Your Earth Magic skill increases to level 12!
Your Poison Magic skill increases to level 11!
Your Invocations skill increases to level 15!
Your Evocations skill increases to level 12!
You have reached level 21!
Your experience leads to an increase in your attributes!
Increase (S)trength, (I)ntelligence, or (D)exterity?
You feel stronger. x2
Save game and exit?
Okay, then.
You hear a shout! x7
A meat berserker comes into view. It is wielding a +9 battleaxe.
You hear a shout! x2
The eight-headed meat hydra calls on the powers of darkness!
The eight-headed meat hydra convulses!
The bag of meat convulses!
Your body is wracked with pain!
* * * LOW HITPOINT WARNING * * *
The bag of meat convulses! x4; The Servant convulses!
The bag of meat convulses!
The meat berserker convulses!
Items here: )))) ==== ††.
You hear a shout! x8
The Servant hits you with a +9 glaive of flaming!!!!
You die...

............
...........
.....o....
#oo.....# #..
#.o)....#
....###§o)....###.
.....☼)§D###......
.#...§☼☼))_......
.......#@..O.#..
.......#@.<._#
....o..#....O#
.#OV......_......
...o.....###......
....###... ..###.
. #... ..# #... .#
..... ..


You could see The Servant, an eight-headed meat hydra, 2 meat berserkers and 4
bags of meat.

Vanquished Creatures
  A vampire knight (D)
  15 ogres (D)
  A two-headed ogre (D)
  18 orcs (D)
35 creatures vanquished.

Notes
Turn   | Place    | Note
-------+----------+-------------------------------------------
     0 | D        | Found the +∞ Axe of Woe
     0 | D        | p00ps00p the Hill Orc Monk began the quest for the Orb.
     0 | D        | Reached XP level 1. HP: 19/19 MP: 1/1
     2 | D        | Noticed a bag of meat
     3 | D        | Noticed a bag of meat
     4 | D        | Became a worshipper of Makhleb the Destroyer
     4 | D        | Reached * piety under Makhleb
     4 | D        | Reached ** piety under Makhleb
     4 | D        | Noticed a meat berserker
     6 | D        | Noticed a bag of meat
     7 | D        | Noticed a bag of meat
     8 | D        | Killed a meat berserker
     8 | D        | Noticed a bag of meat
     9 | D        | Reached skill level 5 in Axes
     9 | D        | Reached skill level 5 in Stealth
     9 | D        | Reached XP level 2. HP: 57/57 MP: 2/2
     9 | D        | Reached XP level 3. HP: 64/64 MP: 3/3
     9 | D        | Reached XP level 4. HP: 72/72 MP: 4/4
     9 | D        | Reached XP level 5. HP: 80/80 MP: 5/5
     9 | D        | Reached XP level 6. HP: 88/88 MP: 6/6
     9 | D        | Reached XP level 7. HP: 95/95 MP: 7/7
     9 | D        | Reached XP level 8. HP: 103/103 MP: 8/8
     9 | D        | Reached XP level 9. HP: 111/111 MP: 9/9
     9 | D        | Reached XP level 10. HP: 118/118 MP: 10/10
     9 | D        | Reached XP level 11. HP: 126/126 MP: 11/11
     9 | D        | Reached XP level 12. HP: 134/134 MP: 12/12
     9 | D        | Noticed a meat berserker
    10 | D        | Noticed a meat berserker
    11 | D        | Killed a bag of meat
    11 | D        | Noticed a meat berserker
    11 | D        | Noticed a meat berserker
    11 | D        | Noticed a meat berserker
    12 | D        | Reached skill level 15 in Dodging
    12 | D        | Noticed a meat berserker
    13 | D        | Killed a meat berserker
    13 | D        | Noticed a bag of meat
    14 | D        | Reached XP level 13. HP: 151/151 MP: 13/13
    14 | D        | Killed a bag of meat
    14 | D        | Reached *** piety under Makhleb
    14 | D        | Killed a bag of meat
    14 | D        | Noticed a meat berserker
    15 | D        | Reached XP level 14. HP: 165/165 MP: 14/14
    15 | D        | Killed a bag of meat
    15 | D        | Killed a meat berserker
    15 | D        | Reached **** piety under Makhleb
    15 | D        | Noticed a bag of meat
    15 | D        | Noticed a bag of meat
    15 | D        | Noticed a bag of meat
    16 | D        | Reached skill level 27 in Fighting
    16 | D        | Reached XP level 15. HP: 174/174 MP: 15/15
    16 | D        | Killed a meat berserker
    16 | D        | Noticed a meat berserker
    16 | D        | Noticed a meat berserker
    16 | D        | Noticed a meat berserker
    17 | D        | Killed a meat berserker
    17 | D        | Killed a meat berserker
    17 | D        | Killed a meat berserker
    17 | D        | Reached ***** piety under Makhleb
    18 | D        | Reached skill level 27 in Unarmed Combat
    18 | D        | Reached XP level 16. HP: 183/183 MP: 16/16
    18 | D        | Killed a meat berserker
    19 | D        | Reached skill level 27 in Axes
    19 | D        | Reached skill level 27 in Dodging
    19 | D        | Reached XP level 17. HP: 191/191 MP: 17/17
    20 | D        | Killed a meat berserker
    20 | D        | Noticed a meat berserker
    22 | D        | Noticed a large bag of meat
    23 | D        | Killed a meat berserker
    24 | D        | Reached skill level 27 in Stealth
    24 | D        | Reached XP level 18. HP: 149/200 MP: 18/18
    24 | D        | Reached ****** piety under Makhleb
    26 | D        | Killed a meat berserker
    26 | D        | Killed a meat berserker
    26 | D        | Noticed a meat berserker
    27 | D        | Reached skill level 5 in Short Blades
    27 | D        | Reached skill level 5 in Staves
    27 | D        | Reached skill level 5 in Ranged Weapons
    27 | D        | Reached skill level 5 in Throwing
    27 | D        | Reached skill level 5 in Conjurations
    27 | D        | Reached skill level 5 in Summonings
    27 | D        | Reached skill level 5 in Necromancy
    27 | D        | Reached skill level 5 in Ice Magic
    27 | D        | Reached skill level 5 in Air Magic
    27 | D        | Reached skill level 5 in Poison Magic
    27 | D        | Reached XP level 19. HP: 154/207 MP: 18/25
    27 | D        | Noticed a meat berserker
    28 | D        | Reached skill level 5 in Spellcasting
    28 | D        | Reached skill level 5 in Translocations
    28 | D        | Reached skill level 5 in Transmutations
    28 | D        | Reached skill level 10 in Invocations
    28 | D        | Killed a large bag of meat
    28 | D        | Noticed an eight-headed meat hydra
    28 | D        | Noticed a meat berserker
    29 | D        | Reached skill level 10 in Fire Magic
    29 | D        | Reached XP level 20. HP: 157/216 MP: 18/29
    29 | D        | Noticed a destroyer
    30 | D        | Noticed The Servant
    31 | D        | Reached skill level 10 in Hexes
    31 | D        | Reached skill level 10 in Earth Magic
    31 | D        | Reached skill level 10 in Evocations
    31 | D        | Killed a meat berserker
    31 | D        | Killed a meat berserker
    31 | D        | Killed a meat berserker
    31 | D        | Noticed a destroyer
    31 | D        | Noticed a large bag of meat
    32 | D        | Reached skill level 10 in Short Blades
    32 | D        | Reached skill level 10 in Conjurations
    32 | D        | Reached skill level 10 in Summonings
    32 | D        | Reached skill level 10 in Necromancy
    32 | D        | Reached skill level 10 in Ice Magic
    32 | D        | Reached skill level 10 in Poison Magic
    32 | D        | Killed a destroyer
    32 | D        | Noticed a meat berserker
    32 | D        | Noticed a meat berserker
    33 | D        | Reached skill level 10 in Staves
    33 | D        | Reached skill level 10 in Ranged Weapons
    33 | D        | Reached skill level 10 in Throwing
    33 | D        | Reached skill level 10 in Air Magic
    33 | D        | Reached skill level 15 in Invocations
    33 | D        | Reached XP level 21. HP: 113/224 MP: 19/33
    33 | D        | Noticed a meat berserker
    34 | D        | Annihilated by The Servant

Illustrated notes

Levels and vault maps discovered:
D:        meatsprint

Skill      XL: |  1  2  3  4  5  6  7  8  9 10 11 12 13 14 15 16 17 18 19 20 |
---------------+-------------------------------------------------------------+-----
Fighting       | 20 24 26 27 | 27.0
Axes           | 5 9 12 16 26 27 | 27.0
Dodging        | 14 17 18 20 25 27 | 27.0
Stealth        | 5 7 9 11 19 27 | 27.0
Unarmed Combat | 18 21 22 25 27 | 27.0
Short Blades   | 5 8 11 | 11.0
Long Blades    | 6 8 12 | 12.0
Maces & Flails | 6 8 12 | 12.0
Polearms       | 6 8 12 | 12.0
Staves         | 5 7 10 | 10.1
Ranged Weapons | 5 7 10 | 10.1
Throwing       | 5 7 10 | 10.1
Armour         | 6 8 12 | 12.0
Shields        | 6 8 12 | 12.0
Spellcasting   | 4 6 8 |  8.5
Conjurations   | 5 8 11 | 11.0
Hexes          | 6 9 12 | 12.2
Summonings     | 5 8 11 | 11.0
Necromancy     | 5 8 11 | 11.0
Translocations | 4 6 9 |  9.3
Transmutations | 4 6 8 |  8.5
Fire Magic     | 7 10 13 | 13.3
Ice Magic      | 5 8 11 | 11.3
Air Magic      | 5 7 10 | 10.3
Earth Magic    | 6 9 12 | 12.2
Poison Magic   | 5 8 11 | 11.3
Invocations    | 8 11 15 | 15.6
Evocations     | 6 9 12 | 12.2

Action                   |  1- 3 |  4- 6 |  7- 9 | 10-12 | 13-15 | 16-18 | 19-21 || total
-------------------------+-------+-------+-------+-------+-------+-------+-------++-------
Melee: Executioner's axe |     1 |       |       |     2 |     4 |     5 |     5 ||    17
  Use: Potion            |     1 |       |       |       |       |       |       ||     1
Dodge: Dodged            |       |       |       |       |       |       |     2 ||     2

Table legend: (Time is in decaauts)
 A = Elapsed time spent in this place.
 B = Non-inter-level travel time spent in this place.
 C = Inter-level travel time spent in this place.
 D = Time resting spent in this place.
 E = Time spent auto-exploring this place.
 F = Levels seen in this place.
 G = Mean time per level.
                   A        B        C        D        E       F      G
               +--------+--------+--------+--------+--------+-----+--------+
         Total |     32 |     32 |      0 |      0 |      0 |   1 |   32.0 |
       Dungeon |     32 |     32 |      0 |      0 |      0 |   1 |   32.0 |
               +--------+--------+--------+--------+--------+-----+--------+

Top non-repeatable levels by time:
       D: 32 daAuts
